 Dungeon Crawl Stone Soup version 0.13-a0-2733-g5d3b754 (webtiles) character file.

82773 M4edhros the Unseen (level 15, -11/81 HPs)
             Began as an Octopode Artificer on Aug 15, 2013.
             Was the Champion of Okawaru.
             Killed from afar by a hell hound (18 damage)
             ... with a blast of flame
             ... led by Azrael
             ... while paralysed
             ... on Level 1 of the Snake Pit on Aug 21, 2013.
             The game lasted 03:15:11 (35432 turns).

M4edhros the Unseen (Octopode Artificer)           Turns: 35432, Time: 03:15:11

HP -11/81        AC 11     Str  7 (9)  XL: 15   Next: 73%
MP   0/31        EV  2     Int 20 (21) God: Okawaru [******]
Gold 491         SH  0     Dex 14 (15) Spells:  7 memorised,  4 levels left

Res.Fire  : . . .   See Invis. : .   V - +0,+7 dagger of Bomylirph {elec, -Tele rC+ Res.Cold : + + . Warding : . d - +3 shield "Sioxzin" {+Rage rPois rC+} Life Prot.: + . . Conserve : + n - +2 hat of the Bear Spirit {Spirit, +Rage r
Res.Poison: +       Res.Corr.  : .   o - amulet of conservation
Res.Elec. : .       Clarity    : .   c - ring of sustenance
Sust.Abil.: . .     Spirit.Shd : +   q - ring of protection from cold
Res.Mut.  : .       Prev.Telep.: +   v - ring of teleport control
Res.Rott. : .       Flight     : .   J - +5,+4 ring of slaying
Saprovore : . . .                    u - ring of Zuxuloah {rC- EV+3 Acc+4}
                                     K - ring of sustenance
                                     G - ring of Robustness {AC+8}
                                     (no ring)

@: paralysed, repel missiles, exhausted, slowed, extremely resistant to hostile
enchantments, incredibly stealthy
A: almost no armour, amphibious, 8 rings, constrict 8, camouflage 1,
deterioration 1, -10% hp, magic resistance 1, sense surroundings 1, AC +1, Str
-2, Int +1, Dex +2
a: Heroism, Finesse, Renounce Religion, Evoke Berserk Rage, Evoke Teleport
Control


You were on level 1 of the Snake Pit.
You worshipped Okawaru.
Okawaru was exalted by your worship.
You were not hungry.

You visited 4 branches of the dungeon, and saw 26 of its levels.
You also visited: Labyrinth and Volcano.

You collected 3122 gold pieces.
You spent 2651 gold pieces at shops.

Inventory:

Hand weapons
 b - a +1,+1 sling of flame
 e - a +3 blowgun
 D - a +0,+2 sling
 V - the +0,+7 dagger of Bomylirph (weapon) {elec, -Tele rC+}
   (You found it on level 4 of the Lair of Beasts)

   Occasionally, upon striking a foe, it will discharge some electrical energy
   and cause terrible harm.
   It protects you from cold.
   It prevents most forms of teleportation.
Missiles
 a - 10 stones (quivered)
 w - 7 sling bullets of frost
 B - 8 curare-tipped needles
 F - 23 sling bullets
Armour
 d - the +3 shield "Sioxzin" (worn) {+Rage rPois rC+}
   (Okawaru gifted it to you on level 8 of the Lair of Beasts)

   It protects you from cold.
   It protects you from poison.
   It lets you go berserk.
 n - the +2 hat of the Bear Spirit (worn) {Spirit, +Rage rN+ MR+}
   (Okawaru gifted it to you on level 2 of the Lair of Beasts)

   It protects you from negative energy.
   It affects your resistance to hostile enchantments.
   It lets you go berserk.
Magical devices
 l - a wand of disintegration (8)
 t - a wand of polymorph (9)
 y - a wand of teleportation (0)
 T - a wand of draining (3)
 U - a wand of paralysis (16)
Comestibles
 f - 2 bread rations
Scrolls
 h - 4 scrolls of teleportation
 A - 3 scrolls of blinking
 C - a scroll of summoning
 R - 2 scrolls of fog
Jewellery
 c - a ring of sustenance (left tentacle)
 o - an amulet of conservation (around mantle)
 q - a ring of protection from cold (right tentacle)
 u - the ring of Zuxuloah (on tentacle) {rC- EV+3 Acc+4}
   (You found it in a labyrinth)

   [ring of evasion]

   It affects your evasion (+3).
   It affects your accuracy (+4).
   It makes you vulnerable to cold.
 v - a ring of teleport control (on tentacle)
 G - the ring of Robustness (on tentacle) {AC+8}
   (You bought it in a shop on level 2 of the Orcish Mines)

   [ring of protection]

   It affects your AC (+8).
 I - an uncursed ring of teleportation
 J - a +5,+4 ring of slaying (on tentacle)
 K - a ring of sustenance (on tentacle)
Potions
 p - 3 potions of curing
 H - a potion of might
 Q - a potion of speed
Miscellaneous
 x - a fan of gales
 z - a phial of floods
 E - a bottled efreet
 O - a stone of tremors
Rods
 m - a +0 rod of fiery destruction (14/14)
   (You found it on level 2 of the Lair of Beasts)
 P - a +8 lightning rod (14/14)
   (You found it in a labyrinth)


   Skills:
 - Level 5.0 Fighting
 + Level 5.8 Short Blades
   Level 0.6 Polearms
   Level 9.5 Staves
 - Level 6.6 Slings
 - Level 7.1 Dodging
 * Level 19.3 Stealth
 * Level 4.6 Shields
 - Level 4.2 Spellcasting
 - Level 2.6 Conjurations
 - Level 6.0 Charms
 - Level 6.4 Necromancy
 - Level 4.3 Air Magic
 - Level 7.3 Poison Magic
 + Level 13.6 Evocations


You had 4 spell levels left.
You knew the following spells:

 Your Spells              Type           Power        Failure   Level  Hunger
a - Regeneration          Chrm/Necr      ####......   12%         3    ###....
b - Poison Weapon         Chrm/Pois      ####......   10%         3    ###....
c - Repel Missiles        Chrm/Air       ###.......   10%         2    #......
d - Mephitic Cloud        Conj/Pois/Air  ###.....     17%         3    ###....
e - Blink                 Tloc           N/A          61%         2    #......
f - Conjure Flame         Conj/Fire      #.......     77%         3    ###....
g - Swiftness             Chrm/Air       ###.......   10%         2    #......


Dungeon Overview and Level Annotations

Branches:
Dungeon (13/27)            Temple (0/1) D:6             Orc (4/4) D:8
    Elf (0/3) Orc:4          Lair (8/8) D:13         Shoals (0/5) Lair:4
  Snake (1/5) Lair:3        Slime (0/6) Lair:7

Altars:
Elyvilon
Makhleb
Okawaru
Xom
Jiyva

Shops:
D:9: [ D:13: * Orc:1: } Orc:2: *?=!! Orc:3: [([ Orc:4: *[+(

Annotations
D:2 Sigmund
D:11 exclusion: ice statue
D:13 Gastronok
Snake:1 Azrael


Innate Abilities, Weirdness & Mutations

You cannot wear most types of armour.
You are amphibious.
You can wear up to eight rings at the same time.
You can use your tentacles to constrict many enemies at once.
Your skin changes colour to match your surroundings (Stlth).
Your rubbery body absorbs attacks (AC +1).
Your mind is acute (Int +1).
Your body is slowly deteriorating.
Your muscles are very flexible, but weak (Str -2, Dex +2).
You are frail (-10% HP).
You are resistant to hostile enchantments.
You passively map a small area around you.


Message History

Unknown command.
Unknown command.
The hell hound breathes fire at you.
The blast of flame hits the hell hound.
The hell hound completely resists.
The blast of flame misses you.
You feel a strong urge to attack something.
The hell hound barely misses you. The hell hound breathes fire at you.
The blast of flame hits the fire elemental.
The fire elemental completely resists.
The blast of flame hits you!
* * * LOW HITPOINT WARNING * * *
You feel your anger subside.
You are no longer berserk.
You pass out from exhaustion.
You feel yourself slow down. The fire elemental hits you.
The fire elemental burns you!
* * * LOW HITPOINT WARNING * * *
The hell hound breathes fire at you. The blast of flame hits you!
You die...

#### ### * * # ##..#
####.## # , * ...
##...#####.....### ,
....###.....##..........
.........h..............
,........hE§§§...........
,,
........hEh..R§§N........
,
....(...@#..##N§....(....
.....$..#####§.RN........
.......§§#EE.§§.........
.......NhEhN§§..........
.......§h§Nh............
, ........R..§§...... ,,
.....§........... ,
............... .
.........


You could see Azrael, 2 fire elementals, 4 hell hounds and a naga.

Vanquished Creatures
  2 orc warlords
  A large abomination (Orc:2)
  A minotaur (Lab)
  2 dragons (Lair:8)
  Nessos (D:13)
  5 hydras
  An anaconda (Snake:1)
  4 orc high priests
  A polymoth (Lair:7)
  Nergalle (D:13)
  Erolcha (D:8)
  A catoblepas (Lair:6)
  2 centaur warriors (D:13)
  2 lindwurms (Lair:8)
  4 orc knights
  A small abomination (Orc:3)
  Pikel (D:9)
  12 hill giants
  Joseph (Orc:2)
  6 orc sorcerers
  6 black mambas
  2 cyclopes (Orc:3)
  7 spiny worms (Lair:8)
  7 elephants (Lair:8)
  A deep elf summoner (Orc:3)
  A guardian serpent (Lair:3)
  10 spiny frogs
  Psyche (D:9)
  6 fire drakes
  3 trolls
  A polar bear (Lair:8)
  2 deep elf priests
  6 komodo dragons
  A blue devil (Orc:3)
  Sonja (Orc:4)
  4 giant fireflies (Lair:8)
  3 giant leeches (Lair:8)
  Prince Ribbit (D:6)
  A boulder beetle (Lair:6)
  17 blink frogs
  4 basilisks
  A wyvern (Lair:5)
  3 ugly things (D:11)
  4 slime creatures (D:12)
  26 yaks
  2 deep elf magi (Orc:3)
  11 hippogriffs
  6 sharks
  2 steam dragons (Lair:8)
  2 wraiths
  Grum (Orc:1)
  A hog (Volcano)
  2 shadows
  4 deep elf fighters
  A hill giant skeleton (D:9)
  5 rock worms (Lair:8)
  A hungry ghost (D:10)
  23 wolves
  37 orc warriors
  A sky beast (D:8)
  A swamp drake (Lair:8)
  2 phantoms
  10 ice beasts
  6 giant goldfish
  2 mottled dragons (Lair:8)
  11 porcupines
  9 ogres
  4 slaves (D:9)
  A boring beetle (Lair:3)
  A yellow wasp (D:11)
  A naga (Snake:1)
  12 centaurs
  Duvessa (D:9)
  9 giant slugs
  17 water moccasins
  2 big kobolds (D:13)
  3 brain worms (Lair:8)
  2 gnoll sergeants
  6 wargs
  A yaktaur zombie (D:12)
  Blork the orc (D:6)
  9 crocodiles
  10 agate snails
  A wyvern zombie (D:9)
  18 giant frogs
  A manticore skeleton (D:9)
  2 troll zombies (D:12)
  A fire bat (Volcano)
  20 killer bees
  A troll skeleton (D:11)
  A hippogriff skeleton (D:6)
  3 jellyfish
  5 electric eels (D:11)
  Dowan (D:9)
  9 crimson imps
  2 goliath beetles
  4 big fish
  2 giant frog skeletons
  3 jellies
  38 orc priests
  A quasit (D:8)
  13 hounds
  7 iguanas
  A centaur skeleton (D:6)
  6 worker ants
  49 orc wizards
  5 scorpions
  A water moccasin skeleton (D:4)
  A gnoll shaman (D:9)
  30 sheep
  Ijyb (D:3)
  Jessica (D:2)
  A boggart (Lair:1)
  A crocodile skeleton (D:7)
  2 mummies (D:9)
  12 gnolls
  22 adders
  4 giant centipedes
  90 green rats
  20 worms
  An adder zombie (D:6)
  A scorpion zombie (D:9)
  6 giant eyeballs
  9 giant geckos
  3 oozes
  206 orcs
  2 ball pythons
  16 bats
  6 giant cockroaches
  25 hobgoblins
  14 jackals
  23 kobolds
  13 quokkas
  7 giant newts
  4 giant spores
  35 goblins
  A hobgoblin skeleton (D:4)
  A jackal skeleton (D:8)
  7 orc zombies
  A quokka zombie (D:8)
  26 rats
  27 ballistomycetes
  A butterfly (D:5)
  5 fungi
  6 plants
1215 creatures vanquished.

Vanquished Creatures (collateral kills)
  Harold (Orc:1)
  An orc warrior (Orc:4)
  An orc priest (D:4)
  An orc wizard (Orc:2)
  An orc zombie (Orc:4)
  2 orcs (D:4)
  A ball python (D:4)
  A goblin skeleton (D:4)
9 creatures vanquished.

Vanquished Creatures (others)
  2 air elementals (Lab)
  An iguana (Lair:8)
  2 orcs
  2 kobolds (D:13)
  A giant spore (D:10)
  2 orc zombies (Orc:4)
  18 fungi
  9 plants (Lair:8)
37 creatures vanquished.

Grand Total: 1261 creatures vanquished

Notes
Turn   | Place    | Note
--------------------------------------------------------------
     0 | D:1      | M4edhros, the Octopode Artificer, began the quest for the Orb.
     0 | D:1      | Reached XP level 1. HP: 14/14 MP: 1/1
   100 | D:1      | Reached skill level 4 in Evocations
   100 | D:1      | Reached XP level 2. HP: 8/19 MP: 3/3
   711 | D:1      | Reached XP level 3. HP: 21/24 MP: 5/5
   863 | D:2      | Found an iron altar of Okawaru.
   897 | D:2      | Became a worshipper of Warmaster Okawaru
   936 | D:2      | Noticed Sigmund
  1050 | D:2      | Reached skill level 1 in Staves
  1463 | D:2      | Reached XP level 4. HP: 30/30 MP: 7/7
  1588 | D:2      | Noticed Jessica
  1596 | D:2      | Killed Jessica
  2110 | D:3      | Noticed Ijyb
  2373 | D:3      | Reached skill level 5 in Evocations
  2373 | D:3      | Reached XP level 5. HP: 35/35 MP: 9/9
  2907 | D:3      | Killed Ijyb
  3654 | D:4      | Reached XP level 6. HP: 30/41 MP: 11/11
  4567 | D:4      | Reached XP level 7. HP: 32/46 MP: 13/13
  4575 | D:4      | Acquired Okawaru's first power
  5003 | D:5      | Entered Level 5 of the Dungeon
  5003 | D:5      | Found a shimmering altar of Xom.
  5277 | D:5      | Reached skill level 6 in Evocations
  5422 | D:5      | Found a white marble altar of Elyvilon.
  5471 | D:5      | Noticed Edmund
  5473 | D:5      | Noticed Edmund
  5473 | D:5      | Edmund changed into Edmund the worker ant
  5480 | D:5      | Killed Edmund the worker ant
  5562 | D:5      | Found a burning altar of Makhleb.
  5566 | D:5      | Reached XP level 8. HP: 53/53 MP: 16/16
  5820 | D:5      | Learned a level 3 spell: Regeneration
  5824 | D:5      | Learned a level 3 spell: Poison Weapon
  5907 | D:6      | Reached skill level 5 in Fighting
  6308 | D:6      | Noticed Blork the orc
  6310 | D:6      | Reached skill level 5 in Staves
  6316 | D:6      | Killed Blork the orc
  6316 | D:6      | Reached skill level 1 in Poison Magic
  6403 | D:6      | Reached skill level 1 in Necromancy
  6409 | D:6      | Reached skill level 1 in Charms
  6428 | D:6      | Found a staircase to the Ecumenical Temple.
  6565 | D:6      | Noticed Prince Ribbit
  6995 | D:6      | Killed Prince Ribbit
  6995 | D:6      | Reached skill level 5 in Stealth
  6995 | D:6      | Reached skill level 7 in Evocations
  6995 | D:6      | Reached XP level 9. HP: 44/58 MP: 18/18
  8012 | D:7      | Gained mutation: Your muscles are strong (Str +1). [potion of mutation]
  8012 | D:7      | Gained mutation: Your muscles are flexible, but weak (Str -1, Dex +1). [potion of mutation]
  8012 | D:7      | Gained mutation: You are frail (-10% HP). [potion of mutation]
  8135 | D:7      | Got a brightly glowing crossbow
  8137 | D:7      | Identified the +1,+6 crossbow of Cruel Justice {flame, +Fly rF+} (You found it on level 7 of the Dungeon)
  8297 | D:7      | Learned a level 2 spell: Repel Missiles
  8427 | D:7      | Gained mutation: Your muscles are very flexible, but weak (Str -2, Dex +2). [potion of mutation]
  8427 | D:7      | Gained mutation: You are resistant to hostile enchantments. [potion of mutation]
  8427 | D:7      | Gained mutation: Your mind is acute (Int +1). [potion of mutation]
  9251 | D:8      | Noticed Erolcha
  9405 | D:8      | Killed Erolcha
  9405 | D:8      | Reached skill level 8 in Stealth
  9405 | D:8      | Reached XP level 10. HP: 21/57 MP: 12/21
  9610 | D:8      | Acquired Okawaru's second power
  9703 | D:8      | Found a staircase to the Orcish Mines.
  9721 | D:8      | Reached skill level 1 in Spellcasting
 10605 | D:9      | Paralysed by a potion of paralysis for 2 turns
 10639 | D:9      | Reached skill level 9 in Stealth
 10721 | D:9      | Noticed Psyche
 10728 | D:9      | Killed Psyche
 10905 | D:9      | Reached skill level 5 in Poison Magic
 11322 | D:9      | HP: 2/57 [poisoned by a killer bee]
 11324 | D:9      | Reached skill level 10 in Stealth
 11669 | D:9      | Learned a level 3 spell: Mephitic Cloud
 11672 | D:9      | Learned a level 2 spell: Blink
 11674 | D:9      | Noticed Pikel
 11676 | D:9      | Noticed Dowan
 11680 | D:9      | Noticed Duvessa
 11703 | D:9      | Killed Pikel
 11705 | D:9      | Killed Duvessa
 11707 | D:9      | Killed Dowan
 11707 | D:9      | Reached skill level 1 in Air Magic
 11712 | D:9      | Received a gift from Okawaru
 11885 | D:9      | Found Coebeis' Antique Armour Boutique.
 12207 | D:9      | Reached XP level 11. HP: 43/62 MP: 23/23
 12283 | D:10     | Entered Level 10 of the Dungeon
 12353 | D:10     | Reached skill level 5 in Necromancy
 12465 | D:10     | Noticed a hill giant
 12558 | D:10     | Killed a hill giant
 12851 | D:10     | Reached skill level 11 in Stealth
 13124 | D:12     | Noticed a hill giant
 13130 | D:12     | Killed a hill giant
 13138 | D:12     | Noticed a hill giant
 13147 | D:12     | Killed a hill giant
 13147 | D:12     | Received a gift from Okawaru
 13147 | D:12     | Reached skill level 5 in Charms
 13479 | D:12     | Noticed a hill giant
 13503 | D:13     | Found a labyrinth entrance.
 13535 | Lab      | Entered a labyrinth
 14208 | Lab      | Noticed a minotaur
 14242 | Lab      | Killed a minotaur
 14273 | Lab      | Identified the Incunabulum of Fiery Attacks
 14273 | Lab      | Got a transparent platinum ring
 14274 | Lab      | Got a crude hand axe
 14280 | Lab      | Learned a level 3 spell: Conjure Flame
 14298 | D:12     | Killed a hill giant
 14499 | D:12     | Noticed a four-headed hydra
 14506 | D:12     | Killed a four-headed hydra
 14506 | D:12     | Reached skill level 12 in Stealth
 15202 | D:11     | Noticed a hill giant
 15264 | D:11     | Reached XP level 12. HP: 62/67 MP: 20/25
 15276 | D:11     | Noticed a hill giant
 15287 | D:11     | Killed a hill giant
 15309 | D:11     | Reached skill level 10 in Evocations
 15321 | D:11     | Noticed a hill giant
 15334 | D:11     | Killed a hill giant
 15334 | D:11     | Received a gift from Okawaru
 15777 | D:11     | Reached skill level 13 in Stealth
 15798 | D:11     | HP: 1/67 [something (35)]
 15800 | D:11     | M4edhros: hello
 15800 | D:11     | M4edhros: those shadows are strong...
 16150 | D:11     | Noticed an ice statue
 16254 | D:11     | Killed a hill giant
 16420 | D:10     | Noticed a hill giant
 16437 | D:10     | Killed a hill giant
 16437 | D:10     | Reached skill level 1 in Conjurations
 16438 | D:10     | Noticed a hill giant
 16447 | D:10     | M4edhros: love miscasts in right moments
 16450 | D:10     | HP: 2/67 [killer bee (6)]
 16792 | Orc:1    | Entered Level 1 of the Orcish Mines
 16844 | Orc:1    | Noticed Grum
 16939 | Orc:1    | Found Itus' Gadget Emporium.
 17091 | Orc:1    | Killed Grum
 17173 | Orc:2    | Noticed Harold
 17270 | Orc:1    | Killed Harold
 17400 | Orc:2    | Found Naarir's Jewellery Shoppe.
 17420 | Orc:2    | M4edhros: hmm
 17420 | Orc:2    | M4edhros: nice!
 17604 | Orc:2    | Found Shiqe's Magic Scroll Shop.
 17613 | Orc:2    | Bought a scroll of identify for 28 gold pieces
 17614 | Orc:2    | Identified the ring of Zuxuloah {rC- EV+3 Acc+4} (You found it in a labyrinth)
 17641 | Orc:2    | Noticed Joseph
 17686 | Orc:2    | Killed Joseph
 17686 | Orc:2    | Reached skill level 14 in Stealth
 17740 | Orc:2    | Found Istriskocwo's General Store.
 17862 | Orc:2    | Found Pha Thum's Distillery.
 17869 | Orc:2    | Bought a potion of mutation for 51 gold pieces
 17870 | Orc:2    | Gained mutation: Your body is slowly deteriorating. [potion of mutation]
 17870 | Orc:2    | Gained mutation: You passively map a small area around you. [potion of mutation]
 17870 | Orc:2    | Lost mutation: Your muscles are strong (Str +1). [potion of mutation]
 17878 | Orc:2    | Found Ghiniyps' Distillery.
 17887 | Orc:2    | Bought a potion of heal wounds for 36 gold pieces
 18163 | Orc:2    | M4edhros: ...
 18163 | Orc:2    | M4edhros: rly?
 18361 | D:9      | M4edhros: i need to take a rest
 18361 | D:9      | M4edhros: thanks for watching
 18361 | D:9      | M4edhros: gnight
 18361 | D:9      | Upgraded the game from 0.13-a0-2700-g8dc4729 to 0.13-a0-2712-g07f05f3
 18363 | D:9      | Upgraded the game from 0.13-a0-2712-g07f05f3 to 0.13-a0-2733-g5d3b754
 18578 | D:13     | Found Ymiakaon's Demolitions Depot.
 18601 | D:13     | Bought a book of Air for 525 gold pieces
 18610 | D:13     | Learned a level 2 spell: Swiftness
 18813 | D:13     | Received a gift from Okawaru
 18871 | D:13     | Noticed a centaur warrior
 18883 | D:13     | Killed a centaur warrior
 18894 | D:13     | Noticed Nergalle
 18895 | D:13     | Killed Nergalle
 18895 | D:13     | Reached skill level 1 in Slings
 18905 | D:13     | Found a staircase to the Lair.
 19012 | D:13     | Noticed a centaur warrior
 19022 | D:13     | Noticed Nessos
 19024 | D:13     | Killed a centaur warrior
 19024 | D:13     | Reached XP level 13. HP: 72/72 MP: 23/27
 19050 | D:13     | Killed Nessos
 19122 | D:13     | Paralysed by a giant eyeball for 4 turns
 19314 | D:13     | Paralysed by a giant eyeball for 2 turns
 19381 | D:13     | Noticed Gastronok
 19481 | D:13     | Noticed a hill giant
 19500 | D:13     | Killed a hill giant
 19901 | Orc:2    | Reached skill level 15 in Stealth
 19951 | Orc:2    | Bought an uncursed ring of sustenance for 210 gold pieces
 20506 | Lair:1   | Entered Level 1 of the Lair of Beasts
 21552 | Lair:2   | Identified a +0 rod of fiery destruction (14/14) (You found it on level 2 of the Lair of Beasts)
 21619 | Lair:2   | Received a gift from Okawaru
 22654 | Lair:3   | Found a staircase to the Snake Pit.
 22918 | Lair:3   | Reached skill level 16 in Stealth
 23597 | Lair:3   | Reached skill level 5 in Dodging
 24142 | Lair:4   | Reached XP level 14. HP: 50/77 MP: 6/28
 24280 | Lair:4   | Received a gift from Okawaru
 24309 | Lair:4   | Got a dazzling dagger
 24960 | Lair:4   | Found a staircase to the Shoals.
 25471 | Lair:5   | Reached skill level 17 in Stealth
 26514 | Lair:6   | Reached skill level 5 in Slings
 26933 | Lair:7   | Identified the +0,+7 dagger of Bomylirph {elec, -Tele rC+} (You found it on level 4 of the Lair of Beasts)
 27176 | Lair:7   | Got a bloodstained dagger
 27616 | Lair:7   | Found a viscous altar of Jiyva.
 27617 | Lair:7   | Found a staircase to the Slime Pits.
 27824 | Lair:8   | Entered Level 8 of the Lair of Beasts
 27830 | Lair:8   | Identified the +3,+6 dagger of Oferr {pain, rC+} (You found it on level 7 of the Lair of Beasts)
 27928 | Lair:8   | Received a gift from Okawaru
 28114 | Lair:8   | Found a dark tunnel.
 28126 | Volcano  | Entered a volcano
 28153 | Volcano  | Reached skill level 18 in Stealth
 28979 | Lair:8   | Received a gift from Okawaru
 28985 | Lair:8   | Got a faintly humming shield {god gift}
 29523 | Lair:8   | Reached XP level 15. HP: 66/81 MP: 10/30
 30372 | Lair:2   | Identified the +3 shield "Sioxzin" {+Rage rPois rC+} (Okawaru gifted it to you on level 8 of the Lair of Beasts)
 30636 | D:10     | Killed a hill giant
 30638 | D:10     | Paralysed by a giant eyeball for 4 turns
 31075 | Orc:3    | Reached skill level 1 in Shields
 31187 | Orc:2    | Bought the ring of Robustness {AC+8} for 1536 gold pieces
 31187 | Orc:2    | Bought a cursed ring of hunger for 24 gold pieces
 31187 | Orc:2    | Bought a cursed -6 ring of protection for 24 gold pieces
 31254 | Orc:3    | Found Xaekesk's Armour Boutique.
 31306 | Orc:3    | Found Ghucvu Follo's Weapon Shop.
 31430 | Orc:3    | Noticed an orc warlord
 31507 | Orc:3    | Reached skill level 5 in Short Blades
 31745 | Orc:3    | Received a gift from Okawaru
 31746 | Orc:3    | Got a faintly glowing quarterstaff {god gift}
 31750 | Orc:3    | Identified the +1,-4 quarterstaff of Conformity {crush, +Inv rElec} (Okawaru gifted it to you on level 3 of the Orcish Mines)
 31990 | Orc:3    | Killed an orc warlord
 31990 | Orc:3    | Reached skill level 19 in Stealth
 32056 | Orc:3    | Found Xiukeu's Armour Boutique.
 32254 | Orc:4    | Entered Level 4 of the Orcish Mines
 32392 | Orc:4    | Noticed Sonja
 32412 | Orc:4    | Killed Sonja
 32487 | Orc:4    | Found a staircase to the Elven Halls.
 33161 | Orc:2    | Bought a scroll of remove curse for 33 gold pieces
 34656 | Orc:4    | Found Abren's Antique Armour Shoppe.
 34685 | Orc:4    | Found Klog's Antique Weapon Emporium.
 34727 | Orc:4    | Received a gift from Okawaru
 34793 | Orc:4    | Found Piky's Book Shoppe.
 34793 | Orc:4    | Found Prir's General Store.
 34800 | Orc:4    | Bought a runed sabre for 96 gold pieces
 34906 | Orc:4    | Bought a scroll of recharging for 88 gold pieces
 35338 | Snake:1  | Entered Level 1 of the Snake Pit
 35410 | Snake:1  | Noticed Azrael
 35432 | Snake:1  | Killed from afar by a hell hound

Action                   |  1- 3 |  4- 6 |  7- 9 | 10-12 | 13-15 || total
-------------------------+-------+-------+-------+-------+-------++-------
Melee: Short sword       |    32 |       |       |       |       ||    32
       Spear             |    20 |       |       |       |       ||    20
       Mace              |     7 |       |       |       |       ||     7
       Quarterstaff      |    39 |    52 |       |       |       ||    91
       Dagger            |       |    80 |   321 |   775 |  1806 ||  2982
       Rod               |       |       |       |     5 |       ||     5
       Trident           |       |       |       |     6 |       ||     6
       Double sword      |       |       |       |       |    46 ||    46
 Fire: Sling             |       |       |     2 |    18 |       ||    20
Throw: Javelin           |       |       |       |    10 |       ||    10
 Cast: Regeneration      |       |       |     1 |   141 |   122 ||   264
       Repel Missiles    |       |       |     1 |    13 |    18 ||    32
       Mephitic Cloud    |       |       |       |    39 |   132 ||   171
       Poison Weapon     |       |       |       |     1 |       ||     1
       Swiftness         |       |       |       |     3 |    50 ||    53
       Blink             |       |       |       |     3 |     1 ||     4
       Conjure Flame     |       |       |       |     2 |    10 ||    12
Invok: Heroism           |       |       |     1 |    13 |     4 ||    18
 Abil: Evoke Teleport Co |       |       |       |     1 |       ||     1
       Evoke Berserk Rag |       |       |       |       |     3 ||     3
Evoke: Wand              |     4 |    24 |    13 |    42 |    24 ||   107
       Rod               |       |       |       |    32 |    27 ||    59
       Miscellaneous     |       |       |       |     3 |       ||     3
  Use: Potion            |     8 |       |    13 |    10 |    12 ||    43
       Scroll            |     5 |       |     6 |    19 |    18 ||    48
 Stab: Sleeping          |     5 |     7 |     8 |    32 |    90 ||   142
       Paralysed         |       |     3 |     1 |       |       ||     4
       Invisible         |       |       |       |     2 |       ||     2
       Confused          |       |       |       |    14 |    85 ||    99
       Distracted        |       |       |       |     3 |     7 ||    10
